 Dungeon Crawl Stone Soup version 0.24-b1 (webtiles) character file.

Game seed: 9139213533530628836, levelgen mode: deterministic

44 Arixos the Charmwright (level 3, -2/18 HPs)
             Began as a Vine Stalker Skald on Oct 13, 2019.
             Slain by an adder (3 damage)
             ... on level 2 of the Dungeon.
             The game lasted 00:03:32 (1039 turns).

Arixos the Charmwright (Vine Stalker Skald)         Turns: 1039, Time: 00:03:33

Health: -2/18      AC:  3    Str: 13    XL:     3   Next: 60%
Magic:  0/7        EV: 12    Int: 13    God:
Gold:   62         SH:  0    Dex: 14    Spells: 3/6 levels left

rFire    . . .     SeeInvis .   a - +0 falchion
rCold    . . .     Gourm    .   (no shield)
rNeg     . . .     Faith    .   b - +0 leather armour
rPois    .         Spirit   +   (no helmet)
rElec    .         Reflect  .   (no cloak)
rCorr    .         Harm     .   (no gloves)
MR       .....                  (no boots)
Stlth    +.........             (no amulet)
HPRegen  0.06/turn              (no ring)
MPRegen  0.10/turn              (no ring)

@: lethally poisoned (-2 -> -11), very slightly contaminated
A: fangs 2, magic shield, antimagic bite, no potion heal 3, rot immunity
a: no special abilities


You were on level 2 of the Dungeon.
You were very hungry.

You visited 1 branch of the dungeon, and saw 2 of its levels.

You collected 62 gold pieces.

Inventory:

Hand Weapons
 a - a +0 falchion (weapon)
Armour
 b - a +0 leather armour (worn)
Scrolls
 c - 2 scrolls of remove curse {unknown}
 g - a scroll of immolation {unknown}
 h - a scroll of enchant weapon {unknown}
Potions
 e - 2 potions of curing {unknown}
 f - a potion of brilliance {unknown}
Comestibles
 d - 4 rations


   Skills:
 + Level 2.1 Fighting
 + Level 2.1 Long Blades
 + Level 1.1 Armour
 + Level 1.8 Dodging
 + Level 1.1 Stealth
 + Level 2.4 Spellcasting
 + Level 3.2 Charms
 + Level 0.6 Translocations


You had 3 spell levels left.
You knew the following spells:

 Your Spells              Type           Power        Failure   Level  Hunger
a - Infusion              Chrm           #...         9%          1    #......
s - Shroud of Golubria    Chrm/Tloc      #.....       22%         2    ###....

Your spell library contained the following spells:

 Spells                   Type           Power        Failure   Level  Hunger
 Song of Slaying          Chrm           #.......     13%         2    ###....
 Regeneration             Chrm/Necr      #.........   43%         3    ###....
 Spectral Weapon          Hex/Chrm       #.......     43%         3    ###....


Dungeon Overview and Level Annotations

Branches:
Dungeon (2/15)

Altars:
Trog


Innate Abilities, Weirdness & Mutations

You have extremely sharp teeth.
When hurt, damage is shared between your health and your magic reserves.
Your bite disrupts and absorbs the magic of your enemies.
Potions cannot restore your health.
You are immune to rotting.


Message History

The kobold hits you with a +0 short sword.
The adder bites you.
* * * LOW HITPOINT WARNING * * *
You are more poisoned.
The adder poisons you!
You barely miss the adder. You bite the adder, but do no damage.
The adder is moderately wounded.
* * * LOW HITPOINT WARNING * * *
You feel sick. The kobold barely misses you. The adder barely misses you.
The kobold barely misses you.
You hit the adder.
The adder is almost dead.
The adder closely misses you. The adder bites you.
* * * LOW HITPOINT WARNING * * *
The kobold hits you with a +0 short sword.
You miss the adder. Your bite misses the adder.
The adder is almost dead.
* * * LOW HITPOINT WARNING * * *
You feel sick. The adder bites you.
You die...

....##.....# #############
....##....†# #...........#
.....#.....## #>..........#
............#########...........#
...........K...#................#
##..........##...................
##..........##...................
............##.........#####.....
......†.....##..@......# #....##
............##.K.S.....# #..###
............##.........# ##...###
......>.....###........# #.......
..####.###.## #........# #......_
..# #.# .# #........###...##..
).# #.# .# #..............###.
..# #.# #######.......####.
..####.# #........##..


You could see an adder and a kobold.

Vanquished Creatures
  An ooze (D:2)
  A worm (D:2)
  A dart slug (D:1)
  An orc (D:2)
  5 bats
  2 giant cockroaches (D:2)
  5 goblins
  4 hobgoblins (D:1)
  4 frilled lizards
  6 kobolds
  3 rats
33 creatures vanquished.

Notes
Turn   | Place    | Note
-------+----------+-------------------------------------------
     0 | D:1      | Arixos the Vine Stalker Skald began the quest for the Orb.
     0 | D:1      | Reached XP level 1. HP: 11/11 MP: 4/4
    87 | D:1      | You fall into a shaft and drop 1 floor!
    98 | D:2      | Found a bloodstained altar of Trog.
   147 | D:1      | Reached skill level 1 in Armour
   147 | D:1      | Reached XP level 2. HP: 15/15 MP: 6/6
   151 | D:1      | Learned a level 2 spell: Shroud of Golubria
   284 | D:1      | Reached skill level 1 in Stealth
   459 | D:1      | You fall into a shaft and drop 1 floor!
   471 | D:2      | Reached XP level 3. HP: 10/18 MP: 3/7
  1039 | D:2      | Slain by an adder

Skill      XL: |  1  2 |
---------------+-------+-----
Fighting       | 2 |  2.1
Armour         | 1 |  1.1
Long Blades    | 2 |  2.1
Stealth        | 1 |  1.1
Dodging        | |  1.8
Spellcasting   | |  2.4
Charms         | |  3.2
Translocations | |  0.6

Action                   || total
-------------------------++-------
Melee: Falchion          ||    81
       Bite              ||    28
 Cast: Shroud of Golubri ||     5
 Stab: Sleeping          ||     1
Armor: Leather armour    ||    23
Dodge: Dodged            ||    83
       Rpst.: Falchion   ||    18
